 Dungeon Crawl Stone Soup version 0.31-a0-853-gc9b61b78f7 (webtiles) character file.

Game seed: 3577163973834187866

42 CrazyBamboolord the Trooper (level 3, -1/33 HPs)
             Began as a Ghoul Fighter on Oct 8, 2023.
             Slain by Natasha (2 damage)
             ... on level 2 of the Dungeon.
             The game lasted 00:02:07 (742 turns).

CrazyBamboolord the Trooper (Ghoul Fighter)          Turns: 742, Time: 00:02:07

Health: -1/33      AC: 11    Str: 21    XL:     3   Next: 56%
Magic:  2/2        EV:  5    Int:  3    God:
Gold:   18         SH:  4    Dex:  8    Spells: 2/2 levels left

rFire   . .          .
                       - Unarmed
rCold   + . .        b - +0 buckler
rNeg    + + +        h - +0 plate armour
rPois   ∞            (no helmet)
rElec   .            (no cloak)
rCorr   .            (no gloves)
SInv    +            (no boots)
Will    .....        (no amulet) Stlth
                     d - ring of see invisible
HPRegen 0.00/turn    (no ring)
MPRegen 0.08/turn

%: no passive effects
@: about to teleport, inhibited regen
A: claws 1, cold resistance 1, negative energy resistance 3, inhibited
regeneration, torment resistance 2, devour on kill
a: no special abilities


You were on level 2 of the Dungeon.
You visited 1 branch of the dungeon, and saw 2 of its levels.

You collected 18 gold pieces.

Inventory:

Armour
 b - a +0 buckler (worn)
 h - a +0 plate armour (worn)
Jewellery
 d - a ring of see invisible (left claw)
Scrolls
 a - a scroll of identify {unknown}
 e - a scroll of poison {unknown}
 g - 2 scrolls of teleportation
 i - a scroll of blinking {unknown}
Potions
 c - a potion of might
 f - 2 potions of heal wounds {unknown}
 j - a potion of cancellation {unknown}
 k - 2 potions of curing {unknown}
 l - a potion of ambrosia {unknown}


   Skills:
 * Level 3.8 Fighting
 * Level 3.1 Armour
 + Level 2.9 Shields
 * Level 2.9 Unarmed Combat


You had 2 spell levels left.
You didn't know any spells.
Your spell library contained the following spells:

 Spells                   Type           Power      Damage    Failure   Level
 Ozocubu's Armour         Ice            0%         N/A       100%        3
 Ozocubu's Refrigeration  Ice            0%         4d7       100%        7


Dungeon Overview and Level Annotations

Branches:
Dungeon (2/15)

Altars:

Annotations:
D:2 Natasha


Innate Abilities, Weirdness & Mutations

You are immune to poison.
You have sharp fingernails.
Your flesh is cold resistant. (rC+)
You are immune to negative energy. (rN+++)
You do not regenerate when monsters are visible.
You are immune to unholy pain and torment.
You thrive by killing the living.


Message History

You are too injured to fight recklessly!
You barely miss Natasha. Natasha claws you but does no damage.
You closely miss Natasha. Natasha claws you.
You scratch Natasha but do no damage. The hobgoblin hits you.
* * * LOW HITPOINT WARNING * * *
Natasha claws you.
* * * LOW HITPOINT WARNING * * *
You closely miss Natasha.
The hobgoblin hits you but does no damage.
Natasha casts a spell.
Unknown command.
You scratch the hobgoblin.
The hobgoblin is almost dead.
The hobgoblin barely misses you. You block Natasha's attack.
The cerulean imp hits you but does no damage.
You barely miss the hobgoblin.
The hobgoblin is almost dead.
The hobgoblin hits you but does no damage.
Natasha claws you but does no damage.
Unknown command.
You barely miss the hobgoblin.
The hobgoblin is severely wounded.
The cerulean imp barely misses you.
The hobgoblin hits you but does no damage.
Natasha casts a spell.
You scratch the hobgoblin.
You kill the hobgoblin!
The cerulean imp hits you but does no damage.
Natasha casts a spell at you. The magic dart hits you.
* * * LOW HITPOINT WARNING * * *
The cerulean imp hits you with a +0 spear.
* * * LOW HITPOINT WARNING * * *
The cerulean imp hits you but does no damage.
As you read the scroll labelled KIAGOK QUOSU, it crumbles to dust.
You feel strangely unstable.
It was a scroll of teleportation.
Natasha claws you but does no damage. You block the cerulean imp's attack. x2
Natasha attacks as she pursues you! Natasha claws you.
You die...
Natasha begins licking her fur clean.

#..# .#. #..# ..
#."##. #..#.##
#..#..##
#.5....##
#.#####.......#..
........†........
.#####.@h5...?..
##.#......###
#<###.....# #.##
##...>.. ##
....##. ...##
#.## .#


You could see Natasha and 2 cerulean imps.

Vanquished Creatures
  4 dart slugs (D:1)
  4 ball pythons (D:1)
  3 endoplasms (D:1)
  2 goblins (D:1)
  4 hobgoblins
  2 jackals (D:1)
  2 quokkas (D:1)
  5 kobolds (D:1)
  6 rats (D:1)
32 creatures vanquished.

Notes
Turn   | Place    | Note
-------+----------+-------------------------------------------
     0 | D:1      | CrazyBamboolord the Ghoul Fighter began the quest for the
                  | Orb.
     0 | D:1      | Reached XP level 1. HP: 19/19 MP: 0/0
    51 | D:1      | Reached XP level 2. HP: 26/26 MP: 1/1
   264 | D:1      | Reached XP level 3. HP: 33/33 MP: 2/2
   725 | D:2      | Noticed Natasha
   740 | D:2      | HP: 1/33 [cerulean imp/+0 spear[Natasha] (4)]
   742 | D:2      | Slain by Natasha

Illustrated notes

Levels and vault maps discovered:
D:1:      tekkud_arrival_beachfront_property, layout_basic
D:2:      layout_loops_ring, basic_altar, minmay_pentomino_o2, uniq_natasha,
          uniq_sigmund

Skill      XL: |  1  2 |
---------------+-------+-----
Armour         | 3 |  3.1
Fighting       | |  3.8
Shields        | |  2.9
Unarmed Combat | |  2.9

Action                     || total
---------------------------++-------
  Melee: Unarmed           ||   121
    Use: Scroll            ||     1
 Armour: Scale mail        ||    40
         Plate armour      ||    51
  Dodge: Dodged            ||    33
  Block: Buckler           ||    18

Table legend: (Time is in decaauts)
 A = Elapsed time spent in this place.
 B = Non-inter-level travel time spent in this place.
 C = Inter-level travel time spent in this place.
 D = Time resting spent in this place.
 E = Time spent auto-exploring this place.
 F = Levels seen in this place.
 G = Mean time per level.
                   A        B        C        D        E       F      G
               +--------+--------+--------+--------+--------+-----+--------+
         Total |    739 |    720 |     19 |      0 |    480 |   2 |  369.5 |
       Dungeon |    739 |    720 |     19 |      0 |    480 |   2 |  369.5 |
               +--------+--------+--------+--------+--------+-----+--------+

Top non-repeatable levels by time:
     D:1: 722 daAuts
     D:2: 16 daAuts
